AoeStats
← noob

MegaRandom

504217596Analyzed
4v4 RM · 29d ago on Sep 4, 2026· 46m 2s· 8 players
Game mode
Random Map
Map size
Large (8 player)
Population
200
Speed
Normal
Resources
Standard
Victory
Conquest
Starting age
Dark Age
Ending age
Imperial Age
RankedLock teamsTeams togetherTeam positionsShared explorationLock speedFull tech treeHidden civsTurbo modeCheats
Victory
Defeat
🇹🇼 Khmer · Taiwan
1469
+12
🇨🇳 Chinese · China
1440
+14
🇩🇪 Dravidians · Germany
1407
+15
🇫🇷 Magyars · France
1323
+19
🇨🇳 Aztecs · China
1397
-15
🇨🇳 Persians · China
1389
-15
🇨🇳 Italians · China
1388
-15
🇻🇳 Magyars · Vietnam
1382
-15
老头
10:24 Loom
12:23 Feudal Age
16:37 Castle Age
14:27 Double-Bit Axe
14:42 Horse Collar
17:25 Bow Saw
20:29 Heavy Plow
22:38 Wheelbarrow
21:58 Stone Mining
26:00 Stone Shaft Mining
26:16 Hand Cart
26:09 Gold Mining
28:55 Gold Shaft Mining
31:53 Imperial Age
32:10 Scale Barding Armor
32:16 Forging
31:39 Elite War Elephant
33:34 Bloodlines
33:25 Husbandry
34:28 Crop Rotation
35:01 Two-Man Saw
35:04 Chain Barding Armor
35:56 Iron Casting
36:10 Caravan
37:15 Citadels
37:44 Plate Barding Armor
38:56 Fletching
39:07 Padded Archer Armor
41:08 Leather Archer Armor
43:19 Ballistics
一只小耳
0:31 Loom
6:54 Loom
9:26 Feudal Age
11:07 Double-Bit Axe
16:29 Castle Age
15:24 Horse Collar
20:55 Wheelbarrow
24:39 Heavy Plow
24:51 Bow Saw
30:53 Imperial Age
29:28 Fortified Wall
29:29 Gold Mining
31:06 Hand Cart
31:16 Silk Road
31:27 Ballistics
31:10 Stone Mining
31:51 Town Watch
32:46 Fletching
34:22 Crop Rotation
34:59 Pirotechnia
35:25 Hoardings
35:07 Padded Archer Armor
36:57 Conscription
36:37 Bodkin Arrow
37:45 Chemistry
36:26 Treadmill Crane
36:57 Masonry
37:22 Leather Archer Armor
37:54 Stone Shaft Mining
37:10 Arson
37:34 Guard Tower
37:47 Elite Genoese Crossbowman
38:52 Husbandry
39:14 Bracer
39:25 Forging
39:21 Scale Barding Armor
39:19 Scale Mail Armor
39:54 Ring Archer Armor
39:24 Scale Mail Armor
39:29 Scale Barding Armor
40:12 Bloodlines
39:22 Light Cavalry
41:06 Capped Ram
43:48 Light Cavalry
44:57 Hussar
Nero Claudius
7:14 Loom
11:55 Feudal Age
12:31 Double-Bit Axe
18:43 Castle Age
19:33 Horse Collar
20:41 Eagle Warrior
25:06 Wheelbarrow
24:44 Bow Saw
26:21 Scale Mail Armor
27:28 Squires
28:41 Hand Cart
32:27 Gold Mining
32:59 Forging
38:05 Imperial Age
36:15 Elite Skirmisher
37:00 Fletching
37:11 Padded Archer Armor
37:54 Bodkin Arrow
39:19 Conscription
39:56 Bracer
41:24 Town Watch
La Apple
11:22 Feudal Age
12:48 Double-Bit Axe
15:59 Castle Age
15:19 Fishing Lines
16:57 Bow Saw
18:08 Wheelbarrow
18:10 Loom
18:12 Town Watch
18:55 Medium Warships
19:21 Fletching
21:50 Bodkin Arrow
23:33 Horse Collar
26:33 Heavy Plow
28:52 Scale Barding Armor
29:06 Stone Mining
29:07 Gold Mining
32:02 Imperial Age
30:29 Bloodlines
30:19 Husbandry
31:59 Hand Cart
32:12 Cavalier
33:41 Crop Rotation
34:40 Light Cavalry
37:04 Two-Man Saw
35:29 Paladin
37:01 Chain Barding Armor
38:16 Plate Barding Armor
noob
9:07 Loom
11:24 Feudal Age
12:19 Double-Bit Axe
13:09 Fishing Lines
15:48 Castle Age
14:29 Gold Mining
15:32 Fletching
15:55 Forging
16:44 Bow Saw
16:53 Medium Warships
18:44 Fletching
19:16 Gillnets
20:58 Siphons
22:39 Clinker Construction
25:26 Wheelbarrow
29:11 Imperial Age
27:10 Stone Mining
28:31 Hand Cart
28:58 Town Watch
29:15 Bodkin Arrow
29:48 Ballistics
30:55 Chemistry
31:23 Conscription
31:48 Iron Casting
31:14 Scale Mail Armor
35:13 Elite Cannon Galleon
36:30 Carvel Hull
36:29 Demolition Ship
38:41 Two-Man Saw
37:51 Heavy Demolition Ship
39:09 Heavy Warships
39:24 Wootz Steel
38:57 Elite Urumi Swordsman
39:53 Horse Collar
45:37 Caravan
46:07 Coinage
46:39 Guilds
46:54 Shipwright
46:24 Arson
46:39 Squires
Jambonbeurre
11:50 Feudal Age
15:29 Castle Age
14:14 Double-Bit Axe
16:32 Bow Saw
17:35 Loom
18:30 Fishing Lines
19:23 Gillnets
28:07 Imperial Age
25:43 Scale Barding Armor
27:19 Chain Barding Armor
26:56 Gold Mining
27:01 Stone Mining
27:47 Bloodlines
27:38 Husbandry
28:11 Cavalier
29:29 Plate Barding Armor
30:47 Gold Shaft Mining
30:41 Paladin
33:35 Capped Ram
37:34 Conscription
43:38 Coinage
43:14 Caravan
大漁哥哥
7:40 Loom
11:00 Feudal Age
13:51 Castle Age
13:22 Double-Bit Axe
15:52 Medium Warships
20:07 Wheelbarrow
19:45 Gold Mining
21:05 Bow Saw
20:37 Horse Collar
20:30 Demolition Ship
24:30 Heavy Plow
27:22 Hand Cart
30:18 Imperial Age
29:27 Forging
29:22 Scale Barding Armor
30:51 Bloodlines
30:41 Husbandry
31:18 Iron Casting
31:32 Crop Rotation
31:07 Cavalier
32:09 Chain Barding Armor
34:35 Blast Furnace
34:10 Plate Barding Armor
33:54 Elite Battle Elephant
34:38 Scale Mail Armor
35:41 Fletching
35:52 Padded Archer Armor
35:52 Stone Mining
36:38 Gold Shaft Mining
36:13 Pikeman
36:39 Arson
37:45 Conscription
37:26 Tusk Swords
37:57 Chain Mail Armor
37:04 Halberdier
39:39 Chemistry
38:51 Masonry
38:37 Murder Holes
39:03 Ballistics
38:40 Bodkin Arrow
42:29 Bracer
41:58 Capped Ram
43:26 Siege Ram
45:16 Caravan
李雾月
0:35 Loom
10:55 Feudal Age
15:35 Castle Age
13:28 Stone Mining
13:25 Double-Bit Axe
14:55 Horse Collar
15:44 Fletching
17:19 Bow Saw
21:14 Fervor
21:24 Heavy Plow
22:13 Bodkin Arrow
22:11 Gold Mining
23:07 Padded Archer Armor
24:42 Wheelbarrow
25:32 Leather Archer Armor
25:54 Thumb Ring
27:15 Ballistics
27:08 Fortified Wall
27:34 Town Watch
32:05 Imperial Age
31:47 Stone Shaft Mining
31:52 Gold Shaft Mining
32:57 Hand Cart
33:31 Conscription
33:15 Bracer
34:17 Chemistry
33:56 Squires
33:21 Capped Ram
35:11 Ring Archer Armor
35:56 Great Wall
35:56 Murder Holes
36:11 Masonry
36:50 Elite Chu Ko Nu
38:42 Scale Mail Armor
38:52 Forging
39:45 Two-Man Saw
39:48 Architecture
40:00 Arson
41:22 Chain Mail Armor
41:42 Iron Casting
40:30 Elite Fire Lancer
42:57 Bombard Tower
43:28 Plate Mail Armor
46:08 Rocketry
Connection lost

Rejoining the realm…

Still unreachable

The connection could not be restored.

Session expired

The server has moved on; the page needs a fresh start.